 Dungeon Crawl Stone Soup version 0.30-a0-956-gcec3b41aec (webtiles) character file.

Game seed: 14190504860572410732

269 senseless the Shooter (level 6, 0/48 HPs)
             Began as a Formicid Hunter on Mar 29, 2023.
             Slain by a scorpion (2 damage)
             ... on level 3 of the Dungeon.
             The game lasted 00:06:58 (2250 turns).

senseless the Shooter (Formicid Hunter)             Turns: 2250, Time: 00:07:00

Health: 0/48       AC:  4    Str: 15    XL:     6   Next: 46%
Magic:  6/6        EV: 13    Int:  9    God:
Gold:   144        SH:  0    Dex: 19    Spells: 3/5 levels left

rFire   . . .      SeeInvis +    a - +0 shortbow
rCold   . . .      Faith    .    (no shield)
rNeg    . . .      Spirit   .    c - +0 leather armour
rPois   .          Reflect  .    (helmet unavailable)
rElec   .          Rampage  .    (no cloak)
rCorr   .                        (no gloves)
Will    .....                    r - +0 pair of boots
Stlth   +++                      (no amulet)
HPRegen 0.28/turn                (no ring)
MPRegen 0.10/turn                (no ring)

@: lethally poisoned (0 -> -6), weak-willed
A: permanent stasis, dig shafts and tunnels, antennae 3, four strong arms
a: Dig, Shaft Self


You were on level 3 of the Dungeon.
You visited 1 branch of the dungeon, and saw 4 of its levels.

You collected 144 gold pieces.

Inventory:

Hand Weapons
 a - a +0 shortbow (weapon)
 d - a +0 whip of pain
Armour
 c - a +0 leather armour (worn)
 h - a +0 ring mail
 p - a +0 plate armour
 r - a +0 pair of boots (worn)
 s - a +0 chain mail
Wands
 i - a wand of iceblast (7) (quivered)
Scrolls
 b - a scroll of immolation
 q - a scroll of poison
Potions
 e - a potion of curing
 f - a potion of might
 g - a potion of cancellation
 j - a potion of ambrosia
 k - a potion of attraction
 l - a potion of mutation {unknown}
 n - a potion of heal wounds {unknown}
 o - 2 potions of lignification
 t - 2 potions of flight
 u - 2 potions of resistance {unknown}


   Skills:
 + Level 3.9 Fighting
 + Level 5.0 Ranged Weapons
 + Level 3.1 Dodging
 + Level 4.1 Stealth


You had 3 spell levels left.
You knew the following spells:

 Your Spells              Type           Power      Damage    Failure   Level
a - Summon Small Mammal   Summ           0%         N/A       45%         1
b - Apportation           Tloc           0%         N/A       45%         1

Your spell library contained the following spells:

 Spells                   Type           Power      Damage    Failure   Level
 Necrotise                Necr           0%         1d4       45%         1


Dungeon Overview and Level Annotations

Branches:
Dungeon (4/15)
 Temple: D:4-7

Altars:

Shops:
D:1 (


Innate Abilities, Weirdness & Mutations

You cannot be hasted, slowed, berserked, paralysed or teleported.
You can dig through walls and to a lower floor.
You have a pair of large antennae on your head. (SInv)
Your four strong arms can wield two-handed weapons with a shield.


Message History

The ufetubus hits you.
You shoot an arrow.
The arrow completely misses the scorpion.
You feel very sick. The ufetubus closely misses you. The ufetubus hits you.
The scorpion stings you.
You are lethally poisoned!
The scorpion poisons you! The ufetubus hits you.
The ufetubus closely misses you. The scorpion stings you.
* * * LOW HITPOINT WARNING * * *
You are more poisoned.
The scorpion poisons you!
You shoot an arrow. The arrow closely misses the scorpion.
* * * LOW HITPOINT WARNING * * *
You feel extremely sick. The ufetubus closely misses you.
The ufetubus completely misses you. The scorpion misses you.
The ufetubus barely misses you. The ufetubus closely misses you.
You feel better. The ufetubus hits you.
* * * LOW HITPOINT WARNING * * *
The ufetubus barely misses you.
The scorpion stings you but does no damage.
The ufetubus barely misses you. The ufetubus closely misses you.
You shoot an arrow.
The arrow hits the scorpion but does no damage.
The scorpion is almost dead.
The scorpion stings you.
* * * LOW HITPOINT WARNING * * *
You are lethally poisoned!
The scorpion poisons you! The ufetubus barely misses you.
The ufetubus hits you but does no damage.
The scorpion barely misses you.
You shoot an arrow. The arrow closely misses the scorpion.
* * * LOW HITPOINT WARNING * * *
You feel very sick. The ufetubus hits you.
* * * LOW HITPOINT WARNING * * *
The ufetubus hits you but does no damage.
The scorpion stings you.
You die...

#.# #...................
#.########.....#####.####..##
#.....>...(.....####.# #..#
#.##########.........# #..##
#.# #....###### #†.## ### #.#
#.#.## #..#. ..# #.# #.#.#
######.... #.# #.#
#.#.#####......... #.# #.#
#@s........###.#..
#.###.########
##5.......)....#..
#.)).........#
#..#####.######.#
#####)...###.####..#####.###
#.# ####.#
#...............####.#
#.###.###########.#.......
#.....# #.#.###... #######
#.#....... #.#####...


You could see a scorpion and an ufetubus.

Vanquished Creatures
  A black bear (D:3)
  Ijyb (D:3)
  Natasha (thrice) (D:3)
  2 worms
  2 dart slugs (D:1)
  4 orcs (D:3)
  5 bats
  9 endoplasms
  2 giant cockroaches
  6 goblins
  8 hobgoblins
  2 quokkas
  5 ball pythons
  7 frilled lizards
  5 kobolds
  3 rats
65 creatures vanquished.

Vanquished Creatures (others)
  A plant (D:1)
1 creature vanquished.

Grand Total: 66 creatures vanquished

Notes
Turn   | Place    | Note
-------+----------+-------------------------------------------
     0 | D:1      | senseless the Formicid Hunter began the quest for the Orb.
     0 | D:1      | Reached XP level 1. HP: 16/16 MP: 1/1
    72 | D:1      | Found Nuxt's Weapon Shop.
   110 | D:1      | Found a faded altar of an unknown god.
   126 | D:1      | Reached XP level 2. HP: 20/23 MP: 2/2
   341 | D:1      | Reached XP level 3. HP: 28/28 MP: 3/3
   456 | D:1      | Learned a level 1 spell: Summon Small Mammal
   458 | D:1      | Learned a level 1 spell: Apportation
  1173 | D:2      | Reached XP level 4. HP: 34/34 MP: 4/4
  1460 | D:3      | Noticed Natasha
  1469 | D:3      | Killed Natasha
  1607 | D:3      | Noticed Ijyb
  1616 | D:3      | Killed Ijyb
  1617 | D:3      | Reached XP level 5. HP: 24/41 MP: 5/5
  1759 | D:3      | Noticed Natasha
  1772 | D:3      | Killed Natasha
  1862 | D:3      | Noticed Natasha
  1869 | D:3      | Killed Natasha
  1994 | D:3      | Noticed a black bear
  2000 | D:3      | Killed a black bear
  2001 | D:3      | Reached XP level 6. HP: 40/48 MP: 6/6
  2038 | D:3      | Reached skill level 5 in Ranged Weapons
  2250 | D:3      | HP: 2/48 [ufetubus (3)]
  2250 | D:3      | Slain by a scorpion

Illustrated notes

Levels and vault maps discovered:
D:1:      dpeg_arrival_short_road, layout_loops_ring, serial_forest,
          infiniplex_forest_lined_room_2, infiniplex_forest_clump_diagonal,
          infiniplex_forest_clump_long, infiniplex_forest_end_3,
          infiniplex_forest_clump_long, serial_shops,
          nicolae_shop_bloodbath_and_beyond, ebering_ecumenical_altar_mist,
          minmay_unequal
D:2:      layout_loops_cross, hangedman_decor_points
D:3:      layout_loops_ring, kennysheep_generic_room_15, uniq_ijyb, uniq_natasha
D:4:      layout_rooms, dreamdust_divine_triumvirate

Skill      XL: |  1  2  3  4  5  6 |
---------------+-------------------+-----
Dodging        | 2 3 |  3.1
Stealth        | 2 3 4 |  4.1
Fighting       | 3 |  3.9
Ranged Weapons | 5 |  5.0

Action                     |  1- 3 |  4- 6 || total
---------------------------+-------+-------++-------
   Fire: Shortbow          |    82 |   102 ||   184
    Use: Scroll            |       |    13 ||    13
         Potion            |       |     1 ||     1
 Armour: Leather armour    |     6 |    12 ||    18
  Dodge: Dodged            |     7 |    52 ||    59

Table legend: (Time is in decaauts)
 A = Elapsed time spent in this place.
 B = Non-inter-level travel time spent in this place.
 C = Inter-level travel time spent in this place.
 D = Time resting spent in this place.
 E = Time spent auto-exploring this place.
 F = Levels seen in this place.
 G = Mean time per level.
                   A        B        C        D        E       F      G
               +--------+--------+--------+--------+--------+-----+--------+
         Total |   2309 |   2178 |    131 |     30 |   1702 |   4 |  577.2 |
       Dungeon |   2309 |   2178 |    131 |     30 |   1702 |   4 |  577.2 |
               +--------+--------+--------+--------+--------+-----+--------+

Top non-repeatable levels by time:
     D:1: 808 daAuts
     D:3: 759 daAuts
     D:2: 731 daAuts
     D:4: 10 daAuts
